 Dungeon Crawl Stone Soup version 0.17.0-28-g6e173f8 (webtiles) character file.

86 kosy22 the Ducker (level 4, -5/41 HPs)
             Began as a Troll Arcane Marksman on Nov 22, 2015.
             Slain by a gnoll
             ... wielding a +0 flail
              (6 damage)
             ... on level 2 of the Dungeon on Nov 27, 2015.
             The game lasted 00:19:29 (1953 turns).

kosy22 the Ducker (Troll Arcane Marksman)           Turns: 1953, Time: 00:19:32

Health: -5/41      AC:  6    Str: 19    XL:     4   Next: 27%
Magic:  4/4        EV: 10    Int: 10    God:
Gold:   46         SH:  0    Dex:  9    Spells: 2 memorised, 1 level left

rFire  . . .     SeeInvis .     a - +0 shortbow
rCold  . . .     Clarity  .     b - +1 robe
rNeg   . . .     SustAt   .     (shield currently unavailable)
rPois  .         Gourm    +     (helmet restricted)
rElec  .         Spirit   .     (no cloak)
rCorr  .         Warding  .     (gloves unavailable)
rMut   .         Stasis   .     (boots unavailable)
MR     .....                    (no amulet)
Stlth  +.........               (no ring)
                                (no ring)

@: not resistant to hostile enchantments, very unstealthy
A: unfitting armour, claws 3, fast metabolism 3, gourmand, regeneration 2,
shaggy fur 1, tough skin 2
a: no special abilities


You were on level 2 of the Dungeon.
You were not hungry.

You visited 1 branch of the dungeon, and saw 2 of its levels.

You collected 46 gold pieces.

Inventory:

Hand Weapons
 a - a +0 shortbow (weapon)
 d - a +0 club
 i - a +0 whip
 l - a +0 dagger
 n - a +0 hand axe
Missiles
 g - 3 arrows (quivered)
Armour
 b - a +1 robe (worn)
Scrolls
 h - 3 scrolls of identify
 m - 2 scrolls of remove curse {unknown}
 o - a scroll of fear
Potions
 k - a potion of brilliance {unknown}
Books
 c - a book of Debilitation

   Spells                             Type                      Level
   a - Corona                         Hexes                        1
   b - Slow                           Hexes                        2
   c - Gell's Gravitas                Hexes/Translocation          3
   d - Inner Flame                    Hexes/Fire                   3
   e - Cause Fear                     Hexes                        4
   f - Leda's Liquefaction            Hexes/Earth                  4
Comestibles
 e - a bread ration
 f - 5 fruits
 p - a meat ration


   Skills:
 + Level 1.2 Fighting
 + Level 1.5 Bows
 + Level 3.1 Dodging
 + Level 0.1 Stealth
 + Level 1.0 Spellcasting
 + Level 2.2 Hexes


You had one spell level left.
You knew the following spells:

 Your Spells              Type           Power        Failure   Level  Hunger
a - Corona                Hex            #......      17%         1    ##.....
b - Gell's Gravitas       Hex/Tloc       #.........   77%         3    ####...


Dungeon Overview and Level Annotations

Branches:
Dungeon (2/15)

Altars:
Trog
Xom

Annotations:
D:2 Robin


Innate Abilities, Weirdness & Mutations

You are too large for most types of armour.
You have claws for hands.
Your metabolism is lightning-fast.
You like to eat raw meat.
You heal very quickly.
You are covered in fur (AC +1).
You have very tough skin (AC +2).


Message History

The arrow hits the gnoll but does no damage.
The gnoll is almost dead.
The gnoll hits you. The gnoll closely misses you.
Firing (i - inventory):
g - 5 arrows (quivered)
Press: ? - help, Shift-Dir - straight line, f/p - gnoll
Aim: a gnoll, wielding a flail (almost dead)
You shoot an arrow. The arrow barely misses the gnoll.
The gnoll hits you but does no damage. The gnoll hits you.
The gnoll completely misses you. The gnoll misses you.
Firing (i - inventory):
g - 4 arrows (quivered)
Press: ? - help, Shift-Dir - straight line, f/p - gnoll
Aim: a gnoll, wielding a flail (almost dead)
You shoot an arrow. The arrow closely misses the gnoll.
The gnoll hits you from afar with a spear.
The gnoll hits you.
* * * LOW HITPOINT WARNING * * *
The gnoll hits you!
* * * LOW HITPOINT WARNING * * *
The gnoll hits you with a flail.
You die...

,.♣******#..##...≈≈...≈.≈..b≈♣♣♣.
*..♣######...................b...
#*............♣≈P≈........b...#..
###...........≈♣♣PP≈≈≈≈..≈.......
.......#.......,*♣≈≈≈≈≈≈≈≈≈♣.....
...............,,*≈≈P≈≈≈≈♣≈...#..
..............###*♣♣♣♣♣♣♣♣#...##.
...........((ggg###♣♣♣♣ ##...##
..........#....g@.....#####..#..#
.##....#######.g###..............
.##......*##*#...###...#..#.#####
.###..##.....#...###........# ##
#...####*.........##....## ##
#.#.# *###............####
.###.#.# ####..............#
.....#.## #...((....#.......###
<.......#####.#(>...####........#


You could see 4 gnolls and a goblin.

Vanquished Creatures
  5 adders (D:2)
  An orc (D:2)
  A ball python (D:1)
  A giant cockroach (D:2)
  10 hobgoblins
  6 kobolds
  4 bats
  2 giant newts (D:2)
  10 goblins
  A quokka (D:2)
  3 rats
44 creatures vanquished.

Notes
Turn   | Place    | Note
--------------------------------------------------------------
     0 | D:1      | kosy22 the Troll Arcane Marksman began the quest for the Orb.
     0 | D:1      | Reached XP level 1. HP: 18/18 MP: 1/1
   454 | D:1      | Reached XP level 2. HP: 20/26 MP: 2/2
  1123 | D:2      | Noticed Robin
  1157 | D:2      | Found a bloodstained altar of Trog.
  1243 | D:2      | Reached skill level 1 in Fighting
  1243 | D:2      | Reached XP level 3. HP: 18/33 MP: 3/3
  1397 | D:2      | Learned a level 3 spell: Gell's Gravitas
  1492 | D:2      | Reached XP level 4. HP: 23/41 MP: 4/4
  1593 | D:2      | Reached skill level 3 in Dodging
  1762 | D:2      | Found a shimmering altar of Xom.
  1953 | D:2      | HP: 1/41 [gnoll (7)]
  1953 | D:2      | Slain by a gnoll

Action                   |  1- 3 |  4- 6 || total
-------------------------+-------+-------++-------
Melee: Dagger            |   194 |    97 ||   291
       Hand axe          |       |    11 ||    11
 Fire: Shortbow          |    50 |     8 ||    58
 Cast: Corona            |     1 |     1 ||     2
  Use: Potion            |     4 |       ||     4
       Scroll            |     7 |     2 ||     9
  Eat: Chunk             |     4 |     2 ||     6
       Fruit             |     2 |       ||     2
       Bread ration      |     1 |       ||     1
       Meat ration       |       |     1 ||     1
